[ AOE2 MATCH · #471644771 ]
Team RMCelts vs Huns
[ REPLAY ANALYSIS · EXTRACTED FROM THE RECORDED GAME ]
Feudal
—
Castle
—
Imperial
—
| APM avg | 13.4 |
| APM peak | 27 |
| eAPM avg | 12.2 |
| Villagers / military | 137 / 52 |
Focus
⚔️ 23.9% · 🌾 76.1%
Mangonel ×34 · Trade Cart ×31 · Fishing Ship ×9 · Woad Raider ×8 · Monk ×6 · Unknown (2626) ×5
Feudal
14:12
Castle
18:39
Imperial
33:08
| APM avg | 25.7 |
| APM peak | 105 |
| eAPM avg | 19.5 |
| Villagers / military | 146 / 197 |
Focus
⚔️ 41.8% · 🌾 58.2%
Scout Cavalry ×117 · Chakram Thrower ×38 · Camel Scout ×22 · Bombard Cannon ×19 · Trade Cart ×8 · Fishing Ship ×3
Feudal
18:08
Castle
25:04
Imperial
37:12
| APM avg | 12.4 |
| APM peak | 34 |
| eAPM avg | 10.4 |
| Villagers / military | 128 / 3 |
Focus
⚔️ 13.3% · 🌾 86.7%
Trade Cart ×21 · Mangonel ×3
Feudal
12:41
Castle
17:51
Imperial
32:18
| APM avg | 18.9 |
| APM peak | 55 |
| eAPM avg | 15.3 |
| Villagers / military | 129 / 388 |
Focus
⚔️ 30.9% · 🌾 69.1%
Longbowman ×198 · Spearman ×185 · Trade Cart ×6 · Trebuchet (Packed) ×4 · Monk ×1
Feudal
13:13
Castle
24:42
Imperial
34:51
| APM avg | 19.8 |
| APM peak | 51 |
| eAPM avg | 9.8 |
| Villagers / military | 75 / 95 |
Focus
⚔️ 19.0% · 🌾 81.0%
Skirmisher ×60 · Spearman ×25 · Fishing Ship ×17 · Trade Cart ×11 · Cataphract ×5 · Monk ×3
Feudal
12:30
Castle
19:21
Imperial
33:44
| APM avg | 23.6 |
| APM peak | 69 |
| eAPM avg | 18.1 |
| Villagers / military | 173 / 216 |
Focus
⚔️ 27.0% · 🌾 73.0%
Camel Scout ×207 · Trebuchet (Packed) ×6 · Battering Ram ×3
Feudal
—
Castle
—
Imperial
—
| APM avg | 27.6 |
| APM peak | 63 |
| eAPM avg | 16.3 |
| Villagers / military | 173 / 94 |
Focus
⚔️ 26.5% · 🌾 73.5%
Throwing Axeman ×54 · Knight ×40 · Trade Cart ×21 · Fishing Ship ×10
Feudal
14:10
Castle
22:16
Imperial
37:54
| APM avg | 9.0 |
| APM peak | 31 |
| eAPM avg | 8.0 |
| Villagers / military | 124 / 136 |
Focus
⚔️ 17.1% · 🌾 82.9%
Knight ×126 · Spearman ×5 · Trebuchet (Packed) ×5 · Trade Cart ×1
Match map
Resources at game start + every placement click. Thick line = wall · dashed box = detected house wall. 🟡 gold · ⚪ stone · 🟢 berries · 🔶 boar · ⭕ relic
Inputs per minute
— ColonelPacha - - 伐伐伐伐伐伐 伐木工
Build order — ColonelPacha
First 150 of 374 actions detected
| 0:15 | Research | Loom |
| 0:16 | Create | Villager (Male) |
| 0:16 | Create | Villager (Male) |
| 0:16 | Create | Villager (Male) |
| 0:16 | Create | Villager (Male) |
| 0:17 | Create | Villager (Male) |
| 0:39 | Build | House |
| 0:43 | Build | House |
| 1:57 | Create | Villager (Male) |
| 2:58 | Build | Mill |
| 3:12 | Create | Villager (Male) |
| 3:13 | Create | Villager (Male) |
| 3:27 | Create | Villager (Male) |
| 3:27 | Create | Villager (Male) |
| 3:58 | Create | Villager (Male) |
| 4:10 | Build | House |
| 4:24 | Create | Villager (Male) |
| 4:24 | Create | Villager (Male) |
| 4:51 | Build | Lumber Camp |
| 4:57 | Create | Villager (Male) |
| 4:57 | Create | Villager (Male) |
| 4:58 | Create | Villager (Male) |
| 5:41 | Create | Villager (Male) |
| 5:41 | Create | Villager (Male) |
| 6:07 | Create | Villager (Male) |
| 6:07 | Create | Villager (Male) |
| 6:07 | Create | Villager (Male) |
| 6:51 | Create | Villager (Male) |
| 6:52 | Create | Villager (Male) |
| 7:11 | Build | House |
| 7:17 | Create | Villager (Male) |
| 7:17 | Create | Villager (Male) |
| 8:08 | Build | House |
| 8:29 | Create | Villager (Male) |
| 8:29 | Create | Villager (Male) |
| 9:21 | Create | Villager (Male) |
| 9:46 | Build | Mill |
| 9:53 | Research | Feudal Age |
| 11:37 | Create | Villager (Male) |
| 11:38 | Create | Villager (Male) |
| 12:04 | Build | House |
| 12:14 | Research | Double-Bit Axe |
| 12:16 | Research | Horse Collar |
| 12:45 | Build | Stone Wall |
| 12:50 | Build | Building 487 |
| 12:57 | Create | Villager (Male) |
| 12:58 | Create | Villager (Male) |
| 13:14 | Build | Farm |
| 13:25 | Build | Market |
| 13:48 | Create | Villager (Male) |
| 13:49 | Create | Villager (Male) |
| 13:54 | Build | Farm |
| 13:59 | Build | House |
| 14:05 | Build | Farm |
| 14:31 | Build | Blacksmith |
| 14:36 | Build | Farm |
| 14:43 | Build | Watch Tower |
| 14:53 | Build | Mill |
| 15:01 | Create | Villager (Male) |
| 15:01 | Create | Villager (Male) |
| 15:01 | Create | Villager (Male) |
| 15:01 | Create | Villager (Male) |
| 15:02 | Create | Villager (Male) |
| 15:15 | Build | Lumber Camp |
| 15:36 | Build | Dock |
| 15:44 | Create | Villager (Male) |
| 15:45 | Create | Villager (Male) |
| 15:56 | Build | Mining Camp |
| 16:08 | Create | Villager (Male) |
| 16:08 | Create | Villager (Male) |
| 16:46 | Build | Market |
| 17:04 | Research | Stone Mining |
| 18:35 | Build | Farm |
| 18:41 | Build | Farm |
| 18:47 | Create | Villager (Male) |
| 18:48 | Create | Villager (Male) |
| 18:48 | Create | Villager (Male) |
| 18:48 | Create | Villager (Male) |
| 18:55 | Build | Mining Camp |
| 19:05 | Research | Tech 906 |
| 19:06 | Create | Fishing Ship |
| 19:06 | Create | Fishing Ship |
| 19:07 | Create | Fishing Ship |
| 19:07 | Create | Fishing Ship |
| 19:07 | Create | Fishing Ship |
| 19:07 | Create | Fishing Ship |
| 19:08 | Create | Fishing Ship |
| 19:26 | Build | House |
| 19:32 | Research | Wheelbarrow |
| 19:49 | Research | Gold Mining |
| 20:08 | Build | House |
| 20:27 | Create | Villager (Male) |
| 20:27 | Create | Villager (Male) |
| 20:28 | Create | Villager (Male) |
| 20:28 | Create | Villager (Male) |
| 20:28 | Create | Villager (Male) |
| 20:32 | Create | Trade Cart |
| 20:35 | Create | Villager (Male) |
| 20:35 | Create | Villager (Male) |
| 20:35 | Create | Villager (Male) |
| 20:45 | Build | House |
| 21:19 | Build | House |
| 21:41 | Create | Villager (Male) |
| 21:41 | Create | Villager (Male) |
| 21:44 | Create | Fishing Ship |
| 21:44 | Create | Fishing Ship |
| 22:02 | Build | House |
| 22:12 | Create | Trade Cart |
| 22:15 | Create | Villager (Male) |
| 22:15 | Create | Villager (Male) |
| 22:36 | Build | Stone Wall |
| 22:42 | Build | Building 487 |
| 22:48 | Build | House |
| 23:11 | Create | Villager (Male) |
| 23:11 | Create | Villager (Male) |
| 23:12 | Create | Villager (Male) |
| 23:12 | Create | Villager (Male) |
| 23:17 | Create | Trade Cart |
| 23:18 | Create | Trade Cart |
| 23:18 | Create | Trade Cart |
| 23:18 | Create | Trade Cart |
| 23:26 | Build | House |
| 23:36 | Create | Villager (Male) |
| 23:37 | Create | Villager (Male) |
| 23:37 | Create | Villager (Male) |
| 23:37 | Create | Villager (Male) |
| 23:53 | Create | Villager (Male) |
| 23:54 | Create | Villager (Male) |
| 23:54 | Create | Villager (Male) |
| 24:02 | Create | Trade Cart |
| 24:03 | Create | Trade Cart |
| 24:03 | Create | Trade Cart |
| 24:09 | Build | House |
| 24:40 | Build | Mining Camp |
| 24:49 | Build | Mining Camp |
| 25:01 | Create | Trade Cart |
| 25:01 | Create | Trade Cart |
| 25:01 | Create | Trade Cart |
| 25:02 | Create | Trade Cart |
| 25:02 | Create | Trade Cart |
| 25:02 | Create | Trade Cart |
| 25:03 | Create | Villager (Male) |
| 25:04 | Create | Villager (Male) |
| 25:14 | Build | House |
| 25:20 | Build | House |
| 25:46 | Create | Villager (Male) |
| 25:46 | Create | Villager (Male) |
| 25:46 | Create | Villager (Male) |
| 25:55 | Build | House |
| 26:00 | Build | House |
Build order — 伐伐伐伐伐伐 伐木工
First 150 of 573 actions detected
| 0:05 | Build | House |
| 0:07 | Build | House |
| 0:08 | Create | Villager (Male) |
| 0:08 | Research | Loom |
| 0:09 | Create | Villager (Male) |
| 0:09 | Create | Villager (Male) |
| 0:09 | Create | Villager (Male) |
| 0:10 | Create | Villager (Male) |
| 0:10 | Create | Villager (Male) |
| 0:35 | Build | Mill |
| 2:11 | Build | Palisade Wall |
| 2:17 | Build | Palisade Wall |
| 2:25 | Create | Villager (Male) |
| 2:25 | Create | Villager (Male) |
| 2:25 | Create | Villager (Male) |
| 2:25 | Create | Villager (Male) |
| 2:25 | Create | Villager (Male) |
| 3:04 | Create | Villager (Male) |
| 3:04 | Create | Villager (Male) |
| 3:04 | Create | Villager (Male) |
| 3:31 | Create | Villager (Male) |
| 3:31 | Create | Villager (Male) |
| 3:31 | Create | Villager (Male) |
| 3:53 | Build | Lumber Camp |
| 4:08 | Create | Villager (Male) |
| 4:09 | Create | Villager (Male) |
| 4:09 | Create | Villager (Male) |
| 4:33 | Create | Villager (Male) |
| 4:33 | Create | Villager (Male) |
| 4:46 | Build | House |
| 4:51 | Build | House |
| 4:58 | Create | Villager (Male) |
| 4:59 | Create | Villager (Male) |
| 4:59 | Create | Villager (Male) |
| 5:21 | Create | Villager (Male) |
| 5:21 | Create | Villager (Male) |
| 6:10 | Create | Villager (Male) |
| 6:10 | Create | Villager (Male) |
| 6:10 | Create | Villager (Male) |
| 6:10 | Create | Villager (Male) |
| 6:30 | Build | Farm |
| 6:57 | Create | Villager (Male) |
| 6:57 | Create | Villager (Male) |
| 6:57 | Create | Villager (Male) |
| 6:58 | Create | Villager (Male) |
| 6:58 | Create | Villager (Male) |
| 7:16 | Create | Villager (Male) |
| 7:16 | Create | Villager (Male) |
| 7:16 | Create | Villager (Male) |
| 7:21 | Build | Farm |
| 7:22 | Build | Farm |
| 7:52 | Create | Villager (Male) |
| 7:52 | Create | Villager (Male) |
| 7:52 | Create | Villager (Male) |
| 8:13 | Create | Villager (Male) |
| 8:13 | Create | Villager (Male) |
| 8:13 | Create | Villager (Male) |
| 8:14 | Create | Villager (Male) |
| 8:14 | Create | Villager (Male) |
| 9:03 | Create | Villager (Male) |
| 9:03 | Create | Villager (Male) |
| 9:03 | Create | Villager (Male) |
| 9:04 | Create | Villager (Male) |
| 9:18 | Build | Dock |
| 9:39 | Create | Villager (Male) |
| 9:39 | Create | Villager (Male) |
| 9:39 | Create | Villager (Male) |
| 9:39 | Create | Villager (Male) |
| 9:51 | Build | House |
| 10:03 | Build | Mining Camp |
| 10:23 | Create | Fishing Ship |
| 10:24 | Create | Fishing Ship |
| 10:24 | Create | Fishing Ship |
| 11:02 | Build | House |
| 11:12 | Build | Mill |
| 11:18 | Research | Feudal Age |
| 12:33 | Build | Mining Camp |
| 12:47 | Create | Villager (Male) |
| 12:47 | Create | Villager (Male) |
| 13:34 | Build | House |
| 13:37 | Build | House |
| 14:12 | Age | Feudal Age |
| 14:27 | Build | Market |
| 15:01 | Build | Blacksmith |
| 15:09 | Create | Villager (Male) |
| 15:09 | Create | Villager (Male) |
| 15:15 | Research | Double-Bit Axe |
| 15:44 | Build | House |
| 15:46 | Build | House |
| 15:48 | Research | Castle Age |
| 16:09 | Research | Horse Collar |
| 17:07 | Build | Lumber Camp |
| 17:19 | Research | Gold Mining |
| 17:23 | Research | Stone Mining |
| 18:21 | Build | Stone Wall |
| 18:29 | Build | Building 487 |
| 18:33 | Build | Building 487 |
| 18:39 | Age | Castle Age |
| 18:55 | Build | Castle |
| 19:22 | Create | Villager (Male) |
| 19:22 | Create | Villager (Male) |
| 19:22 | Create | Villager (Male) |
| 19:22 | Create | Villager (Male) |
| 19:23 | Create | Villager (Male) |
| 19:55 | Research | Bow Saw |
| 19:58 | Research | Heavy Plow |
| 20:14 | Build | Town Center |
| 20:26 | Create | Villager (Male) |
| 20:26 | Create | Villager (Male) |
| 20:26 | Create | Villager (Male) |
| 20:27 | Create | Villager (Male) |
| 20:27 | Create | Villager (Male) |
| 20:27 | Create | Villager (Male) |
| 20:27 | Create | Villager (Male) |
| 20:28 | Create | Villager (Male) |
| 20:29 | Create | Villager (Male) |
| 21:01 | Create | Villager (Male) |
| 21:01 | Create | Villager (Male) |
| 21:01 | Create | Villager (Male) |
| 21:32 | Create | Villager (Male) |
| 21:32 | Create | Villager (Male) |
| 21:33 | Create | Villager (Male) |
| 21:33 | Create | Villager (Male) |
| 21:45 | Build | Town Center |
| 21:49 | Create | Villager (Male) |
| 21:49 | Create | Villager (Male) |
| 21:54 | Build | Farm |
| 21:56 | Build | Farm |
| 21:58 | Build | Farm |
| 21:59 | Build | Farm |
| 22:01 | Build | Farm |
| 22:22 | Build | Fish Trap |
| 22:26 | Build | Fish Trap |
| 22:31 | Build | Fish Trap |
| 22:35 | Create | Villager (Male) |
| 22:35 | Create | Villager (Male) |
| 22:36 | Create | Villager (Male) |
| 22:36 | Create | Villager (Male) |
| 23:04 | Create | Villager (Male) |
| 23:05 | Create | Villager (Male) |
| 23:05 | Create | Villager (Male) |
| 23:05 | Create | Villager (Male) |
| 23:28 | Create | Trade Cart |
| 23:28 | Create | Trade Cart |
| 23:29 | Create | Trade Cart |
| 23:31 | Create | Villager (Male) |
| 23:32 | Create | Villager (Male) |
| 23:32 | Create | Villager (Male) |
| 23:54 | Build | Farm |
| 23:55 | Build | Farm |
Build order — 67
First 150 of 311 actions detected
| 0:03 | Create | Villager (Male) |
| 0:04 | Create | Villager (Male) |
| 0:04 | Create | Villager (Male) |
| 0:06 | Create | Villager (Male) |
| 0:06 | Create | Villager (Male) |
| 0:11 | Build | House |
| 0:12 | Build | House |
| 1:56 | Build | Palisade Wall |
| 2:01 | Create | Villager (Male) |
| 2:29 | Create | Villager (Male) |
| 2:59 | Create | Villager (Male) |
| 2:59 | Create | Villager (Male) |
| 3:00 | Create | Villager (Male) |
| 3:51 | Create | Villager (Male) |
| 3:51 | Create | Villager (Male) |
| 3:51 | Create | Villager (Male) |
| 4:00 | Build | Mill |
| 4:27 | Create | Villager (Male) |
| 4:34 | Build | House |
| 4:58 | Create | Villager (Male) |
| 4:58 | Create | Villager (Male) |
| 4:58 | Create | Villager (Male) |
| 5:26 | Build | Palisade Wall |
| 5:40 | Create | Villager (Male) |
| 5:40 | Create | Villager (Male) |
| 5:40 | Create | Villager (Male) |
| 6:07 | Create | Villager (Male) |
| 6:07 | Create | Villager (Male) |
| 6:47 | Build | Palisade Wall |
| 6:54 | Build | Palisade Gate |
| 7:04 | Create | Villager (Male) |
| 7:05 | Create | Villager (Male) |
| 7:16 | Create | Villager (Male) |
| 7:16 | Create | Villager (Male) |
| 7:23 | Build | Farm |
| 7:25 | Build | Farm |
| 7:27 | Build | Farm |
| 7:31 | Build | Farm |
| 7:32 | Build | Farm |
| 7:45 | Create | Villager (Male) |
| 7:45 | Create | Villager (Male) |
| 7:55 | Build | House |
| 7:56 | Build | House |
| 8:01 | Create | Villager (Male) |
| 8:02 | Create | Villager (Male) |
| 8:14 | Build | Palisade Wall |
| 9:00 | Create | Villager (Male) |
| 9:00 | Create | Villager (Male) |
| 9:01 | Create | Villager (Male) |
| 9:01 | Create | Villager (Male) |
| 9:35 | Create | Villager (Male) |
| 9:36 | Create | Villager (Male) |
| 9:36 | Create | Villager (Male) |
| 9:36 | Create | Villager (Male) |
| 10:06 | Build | Farm |
| 10:44 | Build | Farm |
| 10:45 | Build | Farm |
| 11:38 | Create | Villager (Male) |
| 11:39 | Create | Villager (Male) |
| 11:39 | Create | Villager (Male) |
| 11:39 | Create | Villager (Male) |
| 11:40 | Create | Villager (Male) |
| 11:40 | Create | Villager (Male) |
| 11:52 | Build | Farm |
| 11:53 | Build | Farm |
| 11:54 | Build | Farm |
| 11:57 | Build | Farm |
| 11:58 | Build | Farm |
| 11:59 | Build | Farm |
| 12:33 | Build | House |
| 12:36 | Build | House |
| 12:38 | Build | House |
| 12:56 | Build | Farm |
| 12:57 | Build | Farm |
| 12:57 | Build | Farm |
| 12:57 | Build | Farm |
| 12:58 | Build | Farm |
| 12:58 | Build | Farm |
| 13:24 | Build | Palisade Gate |
| 13:34 | Create | Villager (Male) |
| 13:35 | Create | Villager (Male) |
| 13:35 | Create | Villager (Male) |
| 13:35 | Create | Villager (Male) |
| 13:41 | Create | Villager (Male) |
| 14:18 | Create | Villager (Male) |
| 14:18 | Create | Villager (Male) |
| 14:19 | Create | Villager (Male) |
| 14:21 | Create | Villager (Male) |
| 14:22 | Create | Villager (Male) |
| 14:34 | Build | Farm |
| 14:35 | Build | Farm |
| 14:35 | Build | Farm |
| 14:35 | Build | Farm |
| 14:35 | Build | Farm |
| 14:35 | Build | Farm |
| 14:36 | Build | Farm |
| 14:37 | Build | Farm |
| 15:21 | Build | Palisade Wall |
| 15:29 | Build | Building 804 |
| 15:53 | Research | Feudal Age |
| 16:16 | Build | Palisade Wall |
| 16:20 | Build | Building 804 |
| 16:35 | Create | Villager (Male) |
| 16:36 | Create | Villager (Male) |
| 16:36 | Create | Villager (Male) |
| 16:37 | Create | Villager (Male) |
| 16:50 | Build | Farm |
| 16:50 | Build | Farm |
| 16:50 | Build | Farm |
| 16:50 | Build | Farm |
| 16:51 | Build | Farm |
| 16:51 | Build | Farm |
| 16:51 | Build | Farm |
| 16:51 | Build | Farm |
| 16:52 | Build | Farm |
| 16:52 | Build | Farm |
| 16:52 | Build | Farm |
| 17:23 | Build | Outpost |
| 18:08 | Age | Feudal Age |
| 18:10 | Research | Wheelbarrow |
| 18:13 | Research | Horse Collar |
| 18:17 | Research | Double-Bit Axe |
| 18:20 | Research | Gold Mining |
| 18:26 | Create | Villager (Male) |
| 18:26 | Create | Villager (Male) |
| 18:26 | Create | Villager (Male) |
| 18:26 | Create | Villager (Male) |
| 18:38 | Build | Mule Cart |
| 19:53 | Create | Villager (Male) |
| 19:53 | Create | Villager (Male) |
| 20:06 | Build | Farm |
| 20:21 | Create | Villager (Male) |
| 20:21 | Create | Villager (Male) |
| 20:53 | Build | Market |
| 21:32 | Build | Blacksmith |
| 21:57 | Create | Trade Cart |
| 22:22 | Research | Castle Age |
| 23:03 | Build | Mule Cart |
| 23:26 | Create | Trade Cart |
| 23:26 | Create | Trade Cart |
| 23:26 | Create | Trade Cart |
| 23:26 | Create | Trade Cart |
| 23:27 | Create | Trade Cart |
| 23:41 | Build | House |
| 23:42 | Build | House |
| 23:43 | Build | House |
| 24:29 | Build | Mule Cart |
| 24:40 | Create | Trade Cart |
| 24:40 | Create | Trade Cart |
| 25:04 | Age | Castle Age |
Build order — KronoS
First 150 of 392 actions detected
| 0:02 | Create | Villager (Male) ×4 |
| 0:07 | Build | House |
| 0:09 | Build | House |
| 1:23 | Create | Villager (Male) |
| 1:23 | Create | Villager (Male) |
| 1:23 | Create | Villager (Male) |
| 1:24 | Create | Villager (Male) |
| 1:55 | Build | Lumber Camp |
| 2:05 | Create | Villager (Male) |
| 2:05 | Create | Villager (Male) |
| 2:06 | Create | Villager (Male) |
| 2:06 | Create | Villager (Male) |
| 2:42 | Create | Villager (Male) |
| 2:42 | Create | Villager (Male) |
| 2:43 | Create | Villager (Male) |
| 3:27 | Create | Villager (Male) |
| 3:27 | Create | Villager (Male) |
| 3:27 | Create | Villager (Male) |
| 3:30 | Build | House |
| 3:32 | Build | House |
| 3:49 | Create | Villager (Male) |
| 3:50 | Create | Villager (Male) |
| 4:15 | Build | Mill |
| 4:35 | Create | Villager (Male) |
| 4:35 | Create | Villager (Male) |
| 4:35 | Create | Villager (Male) |
| 4:36 | Create | Villager (Male) |
| 4:52 | Research | Loom |
| 4:54 | Create | Villager (Male) |
| 4:54 | Create | Villager (Male) |
| 4:54 | Create | Villager (Male) |
| 5:21 | Create | Villager (Male) |
| 5:21 | Create | Villager (Male) |
| 5:57 | Create | Villager (Male) |
| 5:57 | Create | Villager (Male) |
| 5:58 | Create | Villager (Male) |
| 6:40 | Create | Villager (Male) |
| 6:40 | Create | Villager (Male) |
| 7:19 | Create | Villager (Male) |
| 7:34 | Create | Villager (Male) |
| 7:43 | Build | Lumber Camp |
| 8:50 | Create | Villager (Male) |
| 8:50 | Create | Villager (Male) |
| 8:55 | Build | House |
| 8:56 | Build | House |
| 9:08 | Create | Villager (Male) |
| 9:25 | Build | Mining Camp |
| 9:36 | Create | Villager (Male) |
| 9:49 | Research | Feudal Age |
| 9:57 | Build | Mill |
| 10:31 | Create | Villager (Male) |
| 10:31 | Create | Villager (Male) |
| 10:31 | Create | Villager (Male) |
| 12:06 | Create | Villager (Male) |
| 12:36 | Create | Villager (Male) |
| 12:41 | Age | Feudal Age |
| 13:21 | Build | Mining Camp |
| 13:31 | Build | Farm |
| 13:33 | Build | Farm |
| 13:37 | Build | Farm |
| 13:38 | Build | Farm |
| 13:39 | Build | Farm |
| 13:40 | Build | Farm |
| 13:52 | Build | Market |
| 14:04 | Build | Blacksmith |
| 14:08 | Create | Villager (Male) |
| 14:57 | Research | Castle Age |
| 15:09 | Build | Farm |
| 15:11 | Build | Farm |
| 15:13 | Build | Farm |
| 15:16 | Build | Farm |
| 15:20 | Build | Farm |
| 15:22 | Build | Farm |
| 15:25 | Build | Farm |
| 15:29 | Build | Farm |
| 15:58 | Build | House |
| 16:00 | Build | House |
| 16:16 | Research | Horse Collar |
| 16:20 | Research | Double-Bit Axe |
| 16:51 | Create | Villager (Male) |
| 16:51 | Create | Villager (Male) |
| 16:52 | Create | Villager (Male) |
| 17:51 | Age | Castle Age |
| 18:00 | Build | Town Center |
| 18:07 | Create | Villager (Male) |
| 18:45 | Build | House |
| 18:48 | Build | House |
| 18:50 | Build | House |
| 18:51 | Build | House |
| 19:00 | Create | Villager (Male) |
| 19:00 | Create | Villager (Male) |
| 19:27 | Build | Town Center |
| 19:40 | Create | Villager (Male) |
| 19:41 | Create | Villager (Male) |
| 19:42 | Create | Villager (Male) |
| 19:47 | Create | Villager (Male) |
| 19:47 | Create | Villager (Male) |
| 19:57 | Build | Monastery |
| 20:07 | Create | Villager (Male) |
| 20:08 | Create | Villager (Male) |
| 20:08 | Create | Villager (Male) |
| 20:18 | Create | Villager (Male) |
| 20:19 | Create | Villager (Male) |
| 20:20 | Create | Villager (Male) |
| 20:43 | Build | Farm |
| 20:45 | Build | Farm |
| 20:48 | Create | Villager (Male) |
| 20:49 | Create | Villager (Male) |
| 20:49 | Create | Villager (Male) |
| 20:58 | Create | Villager (Male) |
| 20:58 | Create | Villager (Male) |
| 20:58 | Create | Villager (Male) |
| 21:04 | Build | House |
| 21:07 | Build | House |
| 21:08 | Build | House |
| 21:13 | Create | Monk |
| 21:17 | Create | Villager (Male) |
| 21:18 | Create | Villager (Male) |
| 21:25 | Build | Farm |
| 21:26 | Build | Farm |
| 21:29 | Build | Farm |
| 21:30 | Build | Farm |
| 21:32 | Build | Farm |
| 21:33 | Build | Farm |
| 21:36 | Create | Villager (Male) |
| 21:37 | Create | Villager (Male) |
| 21:37 | Create | Villager (Male) |
| 21:37 | Create | Villager (Male) |
| 21:46 | Build | Farm |
| 21:54 | Create | Villager (Male) |
| 21:55 | Create | Villager (Male) |
| 21:56 | Create | Villager (Male) |
| 22:23 | Build | House |
| 22:25 | Build | House |
| 22:27 | Build | House |
| 22:29 | Build | House |
| 22:32 | Create | Villager (Male) |
| 22:33 | Create | Villager (Male) |
| 22:33 | Create | Villager (Male) |
| 22:44 | Create | Trade Cart |
| 22:45 | Create | Trade Cart |
| 22:51 | Create | Villager (Male) |
| 22:52 | Create | Villager (Male) |
| 22:53 | Create | Villager (Male) |
| 22:54 | Create | Villager (Male) |
| 22:59 | Research | Bow Saw |
| 23:05 | Research | Heavy Plow |
| 23:43 | Create | Villager (Male) |
| 23:44 | Create | Villager (Male) |
| 23:45 | Create | Villager (Male) |
Build order — Biscoitoso
First 150 of 276 actions detected
| 0:02 | Create | Villager (Male) |
| 0:05 | Build | House |
| 0:22 | Research | Loom |
| 0:34 | Create | Villager (Male) |
| 0:36 | Create | Villager (Male) |
| 0:37 | Create | Villager (Male) |
| 1:34 | Build | Lumber Camp |
| 1:37 | Create | Villager (Male) |
| 1:56 | Build | House |
| 2:25 | Create | Villager (Male) |
| 2:41 | Create | Villager (Male) |
| 3:42 | Create | Villager (Male) |
| 3:45 | Create | Villager (Male) |
| 4:06 | Build | House |
| 4:09 | Build | House |
| 4:12 | Create | Villager (Male) |
| 4:44 | Create | Villager (Male) |
| 4:53 | Create | Villager (Male) |
| 5:26 | Build | Mill |
| 5:29 | Create | Villager (Male) |
| 6:03 | Create | Villager (Male) |
| 6:58 | Create | Villager (Male) |
| 7:07 | Create | Villager (Male) |
| 7:32 | Build | Dock |
| 7:45 | Create | Villager (Male) |
| 7:51 | Build | House |
| 7:55 | Create | Villager (Male) |
| 8:19 | Build | House |
| 8:24 | Create | Fishing Ship |
| 8:43 | Create | Villager (Male) |
| 9:20 | Create | Villager (Male) |
| 9:41 | Create | Fishing Ship |
| 9:45 | Create | Villager (Male) |
| 10:00 | Build | Farm |
| 10:10 | Create | Villager (Male) |
| 10:23 | Build | Mill |
| 10:38 | Create | Villager (Male) |
| 11:00 | Research | Feudal Age |
| 11:22 | Build | Mill |
| 11:33 | Create | Villager (Male) |
| 11:33 | Create | Villager (Male) |
| 11:34 | Create | Villager (Male) |
| 11:34 | Create | Villager (Male) |
| 11:34 | Create | Villager (Male) |
| 11:47 | Create | Fishing Ship |
| 12:44 | Create | Villager (Male) |
| 13:13 | Age | Feudal Age |
| 13:34 | Research | Horse Collar |
| 13:39 | Research | Double-Bit Axe |
| 13:43 | Build | House |
| 13:45 | Build | House |
| 13:46 | Build | House |
| 13:58 | Research | Wheelbarrow |
| 14:24 | Build | Stone Wall |
| 14:29 | Build | Building 487 |
| 14:33 | Build | Building 487 |
| 14:42 | Build | Stone Wall |
| 15:16 | Create | Villager (Male) |
| 15:17 | Create | Villager (Male) |
| 15:37 | Build | Blacksmith |
| 15:45 | Build | Lumber Camp |
| 15:51 | Build | Lumber Camp |
| 16:18 | Build | House |
| 16:34 | Build | Mining Camp |
| 16:38 | Create | Villager (Male) |
| 17:14 | Build | Mining Camp |
| 17:36 | Build | Stone Wall |
| 17:43 | Build | Building 490 |
| 17:45 | Build | Building 490 |
| 18:00 | Create | Villager (Male) |
| 18:05 | Create | Villager (Male) |
| 18:40 | Build | Farm |
| 18:44 | Build | Farm |
| 19:02 | Build | Stone Wall |
| 19:22 | Build | Market |
| 19:28 | Build | Farm |
| 19:30 | Create | Villager (Male) |
| 19:30 | Create | Villager (Male) |
| 19:31 | Create | Villager (Male) |
| 19:38 | Research | Gold Mining |
| 19:41 | Research | Stone Mining |
| 19:47 | Build | Farm |
| 20:01 | Research | Tech 906 |
| 20:14 | Build | Fish Trap |
| 20:17 | Create | Demolition Raft |
| 20:20 | Create | Fishing Ship |
| 20:21 | Create | Fishing Ship |
| 20:25 | Build | Farm |
| 20:28 | Build | Farm |
| 20:30 | Create | Villager (Male) |
| 20:31 | Create | Villager (Male) |
| 20:38 | Build | Fish Trap |
| 20:42 | Build | Fish Trap |
| 21:02 | Build | Market |
| 21:08 | Build | Farm |
| 21:18 | Build | Fish Trap |
| 21:31 | Build | Farm |
| 21:33 | Build | Farm |
| 21:46 | Build | Farm |
| 21:52 | Build | Fish Trap |
| 21:55 | Create | Fishing Ship |
| 21:55 | Create | Fishing Ship |
| 21:56 | Create | Fishing Ship |
| 21:58 | Create | Villager (Male) |
| 22:02 | Research | Castle Age |
| 22:17 | Build | Dock |
| 22:51 | Build | Fish Trap |
| 23:22 | Build | Fish Trap |
| 23:38 | Build | House |
| 24:03 | Build | Lumber Camp |
| 24:15 | Build | Fish Trap |
| 24:19 | Create | Fishing Ship |
| 24:19 | Create | Fishing Ship |
| 24:26 | Build | House |
| 24:42 | Age | Castle Age |
| 25:01 | Build | Siege Workshop |
| 25:14 | Build | Fish Trap |
| 25:17 | Research | Caravan |
| 25:19 | Create | Villager (Male) |
| 25:20 | Create | Villager (Male) |
| 25:20 | Create | Villager (Male) |
| 25:32 | Build | Town Center |
| 25:39 | Create | Mangonel |
| 25:48 | Build | Fish Trap |
| 25:53 | Create | Fishing Ship |
| 25:53 | Create | Fishing Ship |
| 26:03 | Build | Farm |
| 26:13 | Build | Mill |
| 26:41 | Build | Monastery |
| 27:07 | Build | Fish Trap |
| 27:11 | Create | Fishing Ship |
| 27:12 | Create | Fishing Ship |
| 27:16 | Create | Monk |
| 27:17 | Research | Fervor |
| 27:18 | Create | Monk |
| 27:23 | Build | Fish Trap |
| 27:34 | Create | Trade Cart |
| 27:44 | Build | Lumber Camp |
| 27:53 | Build | Farm |
| 28:01 | Create | Villager (Male) |
| 28:01 | Create | Villager (Male) |
| 28:02 | Create | Villager (Male) |
| 28:02 | Create | Villager (Male) |
| 28:02 | Create | Villager (Male) |
| 28:15 | Create | Villager (Male) |
| 28:16 | Create | Villager (Male) |
| 28:16 | Create | Villager (Male) |
| 28:16 | Create | Villager (Male) |
| 28:17 | Create | Villager (Male) |
| 28:22 | Build | Fish Trap |
Build order — Lezionare
First 150 of 433 actions detected
| 0:01 | Create | Villager (Male) |
| 0:01 | Create | Villager (Male) |
| 0:03 | Build | House |
| 0:03 | Research | Loom |
| 0:06 | Create | Villager (Male) |
| 0:06 | Create | Villager (Male) |
| 0:07 | Create | Villager (Male) |
| 0:09 | Build | House |
| 0:37 | Build | Palisade Wall |
| 1:51 | Build | Palisade Wall |
| 1:52 | Create | Villager (Male) |
| 1:52 | Create | Villager (Male) |
| 2:00 | Build | Palisade Wall |
| 2:27 | Build | Palisade Wall |
| 2:35 | Build | Palisade Wall |
| 2:44 | Build | Palisade Wall |
| 2:47 | Create | Villager (Male) |
| 2:48 | Create | Villager (Male) |
| 3:08 | Build | Palisade Wall |
| 3:10 | Build | Palisade Wall |
| 3:25 | Build | Palisade Wall |
| 3:27 | Build | Palisade Wall |
| 3:49 | Create | Villager (Male) |
| 3:50 | Create | Villager (Male) |
| 4:22 | Create | Villager (Male) |
| 4:23 | Create | Villager (Male) |
| 4:58 | Create | Villager (Male) |
| 4:58 | Create | Villager (Male) |
| 5:09 | Build | House |
| 5:11 | Create | Villager (Male) |
| 5:12 | Create | Villager (Male) |
| 5:46 | Create | Villager (Male) |
| 6:24 | Build | Lumber Camp |
| 6:26 | Create | Villager (Male) |
| 7:00 | Create | Villager (Male) |
| 7:00 | Create | Villager (Male) |
| 7:09 | Build | House |
| 7:31 | Create | Villager (Male) |
| 8:15 | Create | Villager (Male) |
| 8:15 | Create | Villager (Male) |
| 8:16 | Create | Villager (Male) |
| 8:16 | Create | Villager (Male) |
| 8:16 | Create | Villager (Male) |
| 8:26 | Build | Mill |
| 8:56 | Build | Farm |
| 9:15 | Build | Farm |
| 9:54 | Build | Farm |
| 10:15 | Research | Feudal Age |
| 11:22 | Build | House |
| 11:36 | Create | Villager (Male) |
| 12:03 | Build | Barracks |
| 12:30 | Age | Feudal Age |
| 12:34 | Build | Mining Camp |
| 12:50 | Create | Villager (Male) |
| 12:54 | Research | Double-Bit Axe |
| 13:06 | Create | Villager (Male) |
| 13:30 | Create | Villager (Male) |
| 13:45 | Build | Mill |
| 13:55 | Build | House |
| 14:05 | Create | Villager (Male) |
| 14:07 | Create | Villager (Male) |
| 14:39 | Build | Stable |
| 15:00 | Create | Villager (Male) |
| 15:06 | Build | Farm |
| 15:08 | Create | Villager (Male) |
| 15:45 | Create | Villager (Male) |
| 15:49 | Build | Blacksmith |
| 15:53 | Create | Villager (Male) |
| 16:00 | Build | House |
| 16:37 | Research | Castle Age |
| 16:37 | Research | Castle Age |
| 16:37 | Research | Castle Age |
| 16:47 | Build | Stable |
| 16:53 | Build | Stone Wall |
| 16:57 | Create | Villager (Male) |
| 17:13 | Research | Horse Collar |
| 17:39 | Research | Gold Mining |
| 19:21 | Age | Castle Age |
| 19:24 | Build | Town Center |
| 19:27 | Create | Villager (Male) |
| 19:27 | Create | Villager (Male) |
| 19:27 | Create | Villager (Male) |
| 19:36 | Create | Villager (Male) |
| 19:42 | Research | Bow Saw |
| 19:50 | Create | Villager (Male) |
| 19:50 | Create | Villager (Male) |
| 19:55 | Create | Villager (Male) |
| 20:05 | Build | Lumber Camp |
| 20:07 | Create | Villager (Male) |
| 20:33 | Create | Villager (Male) |
| 20:34 | Create | Villager (Male) |
| 20:37 | Research | Wheelbarrow |
| 20:52 | Create | Villager (Male) |
| 20:58 | Create | Villager (Male) |
| 20:58 | Create | Villager (Male) |
| 21:13 | Create | Villager (Male) |
| 21:13 | Create | Villager (Male) |
| 21:13 | Create | Villager (Male) |
| 21:17 | Build | Farm |
| 21:41 | Build | Mining Camp |
| 21:44 | Create | Villager (Male) |
| 21:45 | Create | Villager (Male) |
| 21:52 | Create | Villager (Male) |
| 21:52 | Create | Villager (Male) |
| 21:57 | Build | Farm |
| 22:01 | Build | Farm |
| 22:02 | Build | Farm |
| 22:11 | Create | Villager (Male) |
| 22:12 | Create | Villager (Male) |
| 22:28 | Build | Farm |
| 22:29 | Create | Villager (Male) |
| 22:30 | Create | Villager (Male) |
| 22:32 | Build | House |
| 22:36 | Create | Villager (Male) |
| 22:37 | Create | Villager (Male) |
| 22:53 | Create | Villager (Male) |
| 22:53 | Create | Villager (Male) |
| 23:13 | Build | Town Center |
| 23:14 | Create | Villager (Male) |
| 23:14 | Create | Villager (Male) |
| 23:14 | Create | Villager (Male) |
| 23:18 | Build | Farm |
| 23:23 | Create | Villager (Male) |
| 23:24 | Create | Villager (Male) |
| 23:31 | Build | Mining Camp |
| 23:33 | Create | Villager (Male) |
| 23:33 | Create | Villager (Male) |
| 23:41 | Build | Farm |
| 23:41 | Build | Farm |
| 23:41 | Build | Farm |
| 23:41 | Build | Farm |
| 23:41 | Build | Farm |
| 23:42 | Build | Farm |
| 23:46 | Build | Farm |
| 23:47 | Create | Villager (Male) |
| 23:47 | Create | Villager (Male) |
| 23:47 | Create | Villager (Male) |
| 24:01 | Build | House |
| 24:09 | Create | Villager (Male) |
| 24:17 | Research | Heavy Plow |
| 24:22 | Create | Villager (Male) |
| 24:23 | Create | Villager (Male) |
| 24:29 | Create | Villager (Male) |
| 24:29 | Create | Villager (Male) |
| 24:29 | Create | Villager (Male) |
| 24:33 | Create | Villager (Male) |
| 24:39 | Research | Gold Shaft Mining |
| 24:39 | Research | Gold Shaft Mining |
| 24:40 | Create | Villager (Male) |
| 24:41 | Create | Villager (Male) |
Build order — jhon3231120
First 150 of 505 actions detected
| 0:05 | Build | House |
| 0:05 | Create | Villager (Male) |
| 0:06 | Create | Villager (Male) |
| 0:06 | Create | Villager (Male) |
| 0:07 | Build | House |
| 0:18 | Create | Villager (Male) |
| 1:40 | Create | Villager (Male) |
| 1:40 | Create | Villager (Male) |
| 2:21 | Create | Villager (Male) |
| 2:21 | Create | Villager (Male) |
| 2:26 | Create | Villager (Male) |
| 2:27 | Create | Villager (Male) |
| 2:27 | Create | Villager (Male) |
| 2:56 | Create | Villager (Male) |
| 2:57 | Create | Villager (Male) |
| 2:57 | Create | Villager (Male) |
| 3:12 | Create | Villager (Male) |
| 3:12 | Create | Villager (Male) |
| 3:35 | Build | Palisade Wall |
| 3:56 | Build | Palisade Wall |
| 3:57 | Create | Villager (Male) |
| 3:58 | Create | Villager (Male) |
| 3:58 | Create | Villager (Male) |
| 4:29 | Build | Dock |
| 4:50 | Create | Villager (Male) |
| 4:50 | Create | Villager (Male) |
| 4:57 | Build | House |
| 5:01 | Build | House |
| 5:02 | Build | House |
| 5:48 | Build | Lumber Camp |
| 5:59 | Create | Villager (Male) |
| 5:59 | Create | Villager (Male) |
| 6:00 | Create | Villager (Male) |
| 6:18 | Create | Villager (Male) |
| 6:18 | Create | Villager (Male) |
| 6:45 | Create | Villager (Male) |
| 6:45 | Create | Villager (Male) |
| 6:46 | Create | Villager (Male) |
| 7:20 | Build | Mill |
| 7:27 | Create | Villager (Male) |
| 7:28 | Create | Villager (Male) |
| 7:28 | Create | Villager (Male) |
| 8:28 | Create | Villager (Male) |
| 8:28 | Create | Villager (Male) |
| 8:28 | Create | Villager (Male) |
| 8:35 | Create | Fishing Ship |
| 8:35 | Create | Fishing Ship |
| 8:35 | Create | Fishing Ship |
| 9:20 | Build | Mill |
| 9:34 | Create | Villager (Male) |
| 9:35 | Create | Villager (Male) |
| 9:35 | Create | Villager (Male) |
| 9:59 | Create | Fishing Ship |
| 9:59 | Create | Fishing Ship |
| 10:00 | Create | Fishing Ship |
| 10:27 | Research | Feudal Age |
| 11:23 | Create | Fishing Ship |
| 11:23 | Create | Fishing Ship |
| 11:24 | Create | Fishing Ship |
| 11:24 | Create | Fishing Ship |
| 11:47 | Build | House |
| 12:52 | Create | Villager (Male) |
| 12:52 | Create | Villager (Male) |
| 12:52 | Create | Villager (Male) |
| 12:59 | Build | House |
| 13:02 | Build | House |
| 13:12 | Build | Watch Tower |
| 14:13 | Build | Fish Trap |
| 14:16 | Build | Fish Trap |
| 14:21 | Build | Fish Trap |
| 14:35 | Build | Market |
| 14:56 | Create | Villager (Male) |
| 14:56 | Create | Villager (Male) |
| 14:56 | Create | Villager (Male) |
| 14:56 | Create | Villager (Male) |
| 15:07 | Build | Mining Camp |
| 15:45 | Build | Blacksmith |
| 16:09 | Build | Fish Trap |
| 16:22 | Create | Villager (Male) |
| 16:22 | Create | Villager (Male) |
| 16:31 | Research | Castle Age |
| 16:40 | Research | Castle Age |
| 16:43 | Build | Mining Camp |
| 16:58 | Build | Mining Camp |
| 17:19 | Research | Double-Bit Axe |
| 17:40 | Create | Villager (Male) |
| 17:44 | Research | Stone Mining |
| 17:56 | Build | Fish Trap |
| 18:27 | Research | Gold Mining |
| 19:03 | Research | Tech 906 |
| 19:11 | Research | Wheelbarrow |
| 19:18 | Build | Fish Trap |
| 19:27 | Build | Fish Trap |
| 20:01 | Build | Town Center |
| 20:06 | Create | Villager (Male) |
| 20:06 | Create | Villager (Male) |
| 20:06 | Create | Villager (Male) |
| 20:06 | Create | Villager (Male) |
| 20:35 | Build | Building 487 |
| 20:40 | Build | Stone Wall |
| 20:43 | Build | Stone Wall |
| 21:03 | Build | Stone Wall |
| 21:11 | Build | Building 487 |
| 21:18 | Build | Stone Wall |
| 21:22 | Create | Villager (Male) |
| 21:22 | Create | Villager (Male) |
| 21:23 | Research | Hand Cart |
| 21:33 | Create | Villager (Male) |
| 21:33 | Create | Villager (Male) |
| 21:33 | Create | Villager (Male) |
| 21:36 | Create | Villager (Male) |
| 21:36 | Create | Villager (Male) |
| 21:37 | Create | Villager (Male) |
| 21:37 | Create | Villager (Male) |
| 21:45 | Build | Town Center |
| 22:00 | Create | Villager (Male) |
| 22:00 | Create | Villager (Male) |
| 22:01 | Create | Villager (Male) |
| 22:01 | Create | Villager (Male) |
| 22:01 | Create | Villager (Male) |
| 22:01 | Create | Villager (Male) |
| 22:22 | Create | Villager (Male) |
| 22:22 | Create | Villager (Male) |
| 22:38 | Create | Villager (Male) |
| 22:38 | Create | Villager (Male) |
| 23:03 | Build | Town Center |
| 23:07 | Create | Villager (Male) |
| 23:07 | Create | Villager (Male) |
| 23:42 | Build | Castle |
| 23:56 | Create | Villager (Male) |
| 23:56 | Create | Villager (Male) |
| 23:57 | Create | Villager (Male) |
| 23:57 | Create | Villager (Male) |
| 23:57 | Create | Villager (Male) |
| 24:25 | Build | Town Center |
| 24:30 | Create | Villager (Male) |
| 24:31 | Create | Villager (Male) |
| 24:31 | Create | Villager (Male) |
| 24:57 | Create | Villager (Male) |
| 25:13 | Build | Farm |
| 25:13 | Build | Farm |
| 25:13 | Build | Farm |
| 25:14 | Build | Farm |
| 25:15 | Build | Farm |
| 25:15 | Build | Farm |
| 25:18 | Build | Farm |
| 25:27 | Build | Farm |
| 25:27 | Build | Farm |
| 25:27 | Build | Farm |
| 25:28 | Build | Farm |
Build order — JDragon
First 150 of 267 actions detected
| 0:37 | Create | Villager (Male) |
| 0:38 | Create | Villager (Male) |
| 0:38 | Create | Villager (Male) |
| 0:38 | Create | Villager (Male) |
| 0:39 | Create | Villager (Male) |
| 0:39 | Create | Villager (Male) |
| 2:12 | Create | Villager (Male) |
| 3:03 | Create | Villager (Male) |
| 3:04 | Create | Villager (Male) |
| 3:43 | Create | Villager (Male) |
| 4:07 | Create | Villager (Male) |
| 4:34 | Create | Villager (Male) |
| 4:53 | Build | Mill |
| 4:59 | Create | Villager (Male) |
| 5:28 | Build | Lumber Camp |
| 5:32 | Create | Villager (Male) |
| 5:59 | Create | Villager (Male) |
| 6:29 | Build | Farm |
| 6:32 | Create | Villager (Male) |
| 6:46 | Create | Villager (Male) |
| 7:36 | Create | Villager (Male) |
| 7:37 | Create | Villager (Male) |
| 8:35 | Create | Villager (Male) |
| 8:36 | Create | Villager (Male) |
| 8:38 | Build | Farm |
| 9:10 | Build | Farm |
| 9:55 | Create | Villager (Male) |
| 9:56 | Create | Villager (Male) |
| 10:08 | Build | Farm |
| 10:10 | Build | Farm |
| 10:33 | Create | Villager (Male) |
| 11:06 | Create | Villager (Male) |
| 11:16 | Build | Farm |
| 11:29 | Create | Villager (Male) |
| 11:58 | Research | Feudal Age |
| 12:05 | Build | Farm |
| 12:46 | Create | Villager (Male) |
| 13:00 | Build | Farm |
| 13:06 | Build | Farm |
| 13:09 | Build | Farm |
| 14:10 | Age | Feudal Age |
| 14:32 | Research | Wheelbarrow |
| 14:33 | Create | Villager (Male) |
| 14:50 | Build | Barracks |
| 14:57 | Create | Villager (Male) |
| 15:11 | Build | Farm |
| 15:13 | Build | Farm |
| 15:15 | Build | Farm |
| 15:19 | Build | Farm |
| 15:23 | Research | Horse Collar |
| 15:25 | Research | Double-Bit Axe |
| 16:18 | Create | Villager (Male) |
| 16:20 | Build | Farm |
| 16:35 | Build | Stable |
| 16:55 | Build | Blacksmith |
| 17:01 | Create | Villager (Male) |
| 17:11 | Build | Mining Camp |
| 17:16 | Create | Villager (Male) |
| 17:27 | Build | Farm |
| 17:47 | Create | Villager (Male) |
| 17:53 | Create | Villager (Male) |
| 18:02 | Research | Gold Mining |
| 18:03 | Create | Villager (Male) |
| 18:15 | Build | Stable |
| 18:24 | Build | Mining Camp |
| 18:31 | Create | Villager (Male) |
| 19:02 | Build | Farm |
| 19:09 | Create | Villager (Male) |
| 19:17 | Build | Farm |
| 19:26 | Research | Castle Age |
| 19:32 | Create | Villager (Male) |
| 19:52 | Build | Mining Camp |
| 20:09 | Research | Scale Barding Armor |
| 20:10 | Research | Forging |
| 20:20 | Research | Fletching |
| 20:53 | Create | Villager (Male) |
| 21:11 | Research | Stone Mining |
| 21:32 | Research | Bloodlines |
| 21:43 | Create | Spearman ×5 |
| 22:16 | Age | Castle Age |
| 22:27 | Research | Iron Casting |
| 22:28 | Research | Chain Barding Armor |
| 22:44 | Create | Villager (Male) |
| 22:53 | Build | Town Center |
| 23:07 | Create | Villager (Male) |
| 23:15 | Research | Gold Shaft Mining |
| 23:35 | Create | Villager (Male) |
| 23:39 | Build | Farm |
| 23:58 | Create | Villager (Male) |
| 24:07 | Build | Mill |
| 24:11 | Build | Farm |
| 24:37 | Build | Market |
| 24:39 | Create | Villager (Male) |
| 25:00 | Create | Villager (Male) |
| 25:00 | Create | Villager (Male) |
| 25:09 | Build | Farm |
| 25:12 | Create | Villager (Male) |
| 25:20 | Build | Farm |
| 25:23 | Create | Villager (Male) |
| 25:52 | Create | Villager (Male) |
| 25:58 | Build | Lumber Camp |
| 26:04 | Create | Villager (Male) |
| 26:05 | Create | Villager (Male) |
| 26:06 | Create | Villager (Male) |
| 26:08 | Research | Hand Cart |
| 26:38 | Create | Trade Cart |
| 26:53 | Create | Villager (Male) |
| 26:54 | Create | Villager (Male) |
| 26:55 | Create | Villager (Male) |
| 27:12 | Research | Bow Saw |
| 27:32 | Build | Lumber Camp |
| 27:38 | Create | Villager (Male) |
| 28:07 | Create | Villager (Male) |
| 28:09 | Create | Villager (Male) |
| 28:24 | Create | Villager (Male) |
| 28:26 | Create | Villager (Male) |
| 28:55 | Build | Farm |
| 28:57 | Create | Villager (Male) |
| 28:59 | Create | Villager (Male) |
| 29:04 | Build | Farm |
| 29:12 | Build | Farm |
| 29:15 | Create | Villager (Male) |
| 29:16 | Create | Villager (Male) |
| 29:34 | Build | Farm |
| 29:35 | Create | Villager (Male) |
| 29:37 | Create | Villager (Male) |
| 29:44 | Research | Heavy Plow |
| 30:04 | Build | Castle |
| 30:10 | Build | Farm |
| 30:12 | Create | Villager (Male) |
| 30:13 | Create | Villager (Male) |
| 30:33 | Build | Farm |
| 31:16 | Create | Villager (Male) |
| 31:17 | Create | Villager (Male) |
| 31:17 | Create | Villager (Male) |
| 31:18 | Create | Villager (Male) |
| 31:42 | Build | Town Center |
| 31:51 | Create | Villager (Male) |
| 31:52 | Create | Villager (Male) |
| 32:22 | Create | Villager (Male) |
| 32:24 | Create | Villager (Male) |
| 32:41 | Build | Lumber Camp |
| 32:54 | Create | Villager (Male) |
| 32:56 | Create | Villager (Male) |
| 33:08 | Build | Farm |
| 33:09 | Build | Farm |
| 33:13 | Build | Farm |
| 33:27 | Create | Villager (Male) |
| 33:27 | Create | Villager (Male) |
| 33:29 | Create | Villager (Male) |
Match timeline
| 0:37 | Lezionare · wall_segment Palisade Wall x15 |
| 1:51 | Lezionare · wall_segment Palisade Wall x18 |
| 1:56 | 67 · wall_segment Palisade Wall x7 |
| 2:00 | Lezionare · wall_segment Palisade Wall x15 |
| 2:11 | 伐伐伐伐伐伐 伐木工 · wall_segment Palisade Wall x2 |
| 2:17 | 伐伐伐伐伐伐 伐木工 · wall_segment Palisade Wall x10 |
| 2:27 | Lezionare · wall_segment Palisade Wall x13 |
| 2:35 | Lezionare · wall_segment Palisade Wall x18 |
| 2:44 | Lezionare · wall_segment Palisade Wall x11 |
| 3:08 | Lezionare · wall_segment Palisade Wall x5 |
| 3:10 | Lezionare · wall_segment Palisade Wall x3 |
| 3:25 | Lezionare · wall_segment Palisade Wall x13 |
| 3:27 | Lezionare · wall_segment Palisade Wall x15 |
| 3:35 | jhon3231120 · wall_segment Palisade Wall x8 |
| 3:56 | jhon3231120 · wall_segment Palisade Wall x4 |
| 4:29 | jhon3231120 · first_building Dock |
| 5:26 | 67 · wall_segment Palisade Wall x8 |
| 6:47 | 67 · wall_segment Palisade Wall x8 |
| 7:32 | Biscoitoso · first_building Dock |
| 8:14 | 67 · wall_segment Palisade Wall x12 |
| 9:18 | 伐伐伐伐伐伐 伐木工 · first_building Dock |
| 12:03 | Lezionare · first_building Barracks |
| 12:30 | Lezionare · age_up feudal |
| 12:41 | KronoS · age_up feudal |
| 12:45 | ColonelPacha · wall_segment Stone Wall x8 |
| 13:13 | Biscoitoso · age_up feudal |
| 14:10 | JDragon · age_up feudal |
| 14:12 | 伐伐伐伐伐伐 伐木工 · age_up feudal |
| 14:24 | Biscoitoso · wall_segment Stone Wall x4 |
| 14:39 | Lezionare · first_building Stable |
| 14:42 | Biscoitoso · wall_segment Stone Wall x13 |
| 14:50 | JDragon · first_building Barracks |
| 15:21 | 67 · wall_segment Palisade Wall x11 |
| 15:36 | ColonelPacha · first_building Dock |
| 16:12 | jhon3231120 · first_market_sell 100 food |
| 16:16 | 67 · wall_segment Palisade Wall x8 |
| 16:35 | JDragon · first_building Stable |
| 16:53 | Lezionare · wall_segment Stone Wall x1 |
| 17:36 | Biscoitoso · wall_segment Stone Wall x1 |
| 17:51 | KronoS · age_up castle |
| 18:08 | 67 · age_up feudal |
| 18:21 | 伐伐伐伐伐伐 伐木工 · wall_segment Stone Wall x12 |
| 18:39 | 伐伐伐伐伐伐 伐木工 · age_up castle |
| 18:55 | 伐伐伐伐伐伐 伐木工 · first_building Castle |
| 19:02 | Biscoitoso · wall_segment Stone Wall x4 |
| 19:21 | Lezionare · age_up castle |
| 19:38 | jhon3231120 · first_market_buy 100 wood |
| 19:57 | KronoS · first_building Monastery |
| 20:40 | jhon3231120 · wall_segment Stone Wall x6 |
| 20:43 | jhon3231120 · wall_segment Stone Wall x8 |
| 21:03 | jhon3231120 · wall_segment Stone Wall x9 |
| 21:18 | jhon3231120 · wall_segment Stone Wall x7 |
| 22:16 | JDragon · age_up castle |
| 22:36 | ColonelPacha · wall_segment Stone Wall x12 |
| 23:11 | 67 · first_market_sell 100 food |
| 23:12 | 67 · first_market_buy 100 wood |
| 23:42 | jhon3231120 · first_building Castle |
| 24:02 | KronoS · first_building Castle |
| 24:09 | 伐伐伐伐伐伐 伐木工 · first_market_buy 100 wood |
| 24:42 | Biscoitoso · age_up castle |
| 25:00 | 伐伐伐伐伐伐 伐木工 · first_building Monastery |
| 25:01 | Biscoitoso · first_building Siege Workshop |
| 25:04 | 67 · age_up castle |
| 26:41 | Biscoitoso · first_building Monastery |
| 27:33 | Lezionare · first_building Castle |
| 27:59 | 伐伐伐伐伐伐 伐木工 · first_building Siege Workshop |
| 28:37 | KronoS · first_building Barracks |
| 28:55 | jhon3231120 · first_building Barracks |
| 29:05 | 伐伐伐伐伐伐 伐木工 · first_building Barracks |
| 29:20 | 67 · first_building Castle |
| 29:42 | 67 · wall_segment Stone Wall x11 |
| 29:46 | ColonelPacha · first_building Castle |
| 30:04 | JDragon · first_building Castle |
| 30:47 | ColonelPacha · first_building Monastery |
| 30:52 | 伐伐伐伐伐伐 伐木工 · first_building Stable |
| 31:08 | 伐伐伐伐伐伐 伐木工 · first_building Archery Range |
| 31:49 | ColonelPacha · first_building Barracks |
| 32:18 | KronoS · age_up imperial |
| 32:50 | ColonelPacha · first_building Siege Workshop |
| 32:53 | jhon3231120 · first_building Stable |
| 33:08 | 伐伐伐伐伐伐 伐木工 · age_up imperial |
| 33:35 | Lezionare · wall_segment Stone Wall x12 |
| 33:44 | Lezionare · age_up imperial |
| 34:03 | Lezionare · wall_segment Stone Wall x4 |
| 34:04 | Lezionare · wall_segment Stone Wall x3 |
| 34:15 | Biscoitoso · first_building Barracks |
| 34:28 | 67 · first_building Siege Workshop |
| 34:51 | Biscoitoso · age_up imperial |
| 35:46 | Biscoitoso · first_building Castle |
| 36:53 | ColonelPacha · wall_segment Stone Wall x12 |
| 37:12 | 67 · age_up imperial |
| 37:20 | Biscoitoso · first_building Archery Range |
| 37:42 | 伐伐伐伐伐伐 伐木工 · wall_segment Stone Wall x6 |
| 37:54 | JDragon · age_up imperial |
| 38:32 | 伐伐伐伐伐伐 伐木工 · wall_segment Stone Wall x4 |
| 38:35 | 伐伐伐伐伐伐 伐木工 · wall_segment Stone Wall x6 |
| 38:37 | 伐伐伐伐伐伐 伐木工 · wall_segment Stone Wall x2 |
| 39:01 | Lezionare · wall_segment Stone Wall x8 |
| 39:19 | ColonelPacha · wall_segment Stone Wall x5 |
| 39:27 | ColonelPacha · wall_segment Stone Wall x8 |
| 40:58 | jhon3231120 · wall_segment Stone Wall x9 |
| 42:19 | 67 · first_building Barracks |
| 43:28 | ColonelPacha · first_market_buy 100 food |
| 44:03 | Biscoitoso · resign |
| 44:46 | JDragon · first_market_sell 500 wood |
| 45:13 | 67 · wall_segment Stone Wall x15 |
| 45:23 | 67 · wall_segment Stone Wall x5 |
| 45:38 | Lezionare · first_building Siege Workshop |
| 47:08 | 伐伐伐伐伐伐 伐木工 · wall_segment Stone Wall x1 |
[ AI ANALYSIS · 1 CREDIT ]
What really happened in this match?
Wolo.gg analyzes every decision: build order, eco, micro, common mistakes by bracket. Personalized analysis on WhatsApp or Discord in 30 seconds.
Civ guide
Celts
Map guide
Black Forest
Perfil
ColonelPacha